Workbook
Name Numéro_Client: Liste_Clients!$A:$A
Name Référence_Client: Liste_Produits!$B:$B

Sheet Bon_de_Livraison
F1: Bon de Livraison
A5: Nike FACTORY
A6: Londoner Bogen 10
A7: 66482 Zweibrücken
A8: Tél : | F8: =VLOOKUP(Bon_de_Livraison!$C$16,Liste_Clients!$A$2:$F$1277,2) -> Lebron James
A9: Fax : | F9: =VLOOKUP(Bon_de_Livraison!$C$16,Liste_Clients!$A$2:$F$1277,3) -> 8 Champs Elysées
A10: Mail : contact@nike-factory.com | F10: =VLOOKUP(Bon_de_Livraison!$C$16,Liste_Clients!$A$2:$F$1277,4) -> 75000 - PARIS
A13: N° BL | C13: 100
A15: Date | C15: N° Client
A16: =TODAY() -> 40738 | C16: 1
A19: Qté | B19: Référence | C19: Désignation | E19: Prix Catalogue | F19: Prix Unit. H.T. | G19: Code T.V.A | H19: Remise % | I19: Montant H.T.
C20: =VLOOKUP(B20,Liste_Produits!$B$2:$G$1095,2) -> #N/A | E20: =VLOOKUP(B20,Liste_Produits!$B$2:$G$1095,3) -> #N/A | F20: =VLOOKUP(B20,Liste_Produits!$B2:$G$1095,4) -> #N/A | I20: =F20*A20*(1-H20) -> #N/A
I21: =F21*A21*(1-H21) -> 0
I22: =F22*A22*(1-H22) -> 0
I23: =F23*A23*(1-H23) -> 0
I24: =F24*A24*(1-H24) -> 0
I25: =F25*A25*(1-H25) -> 0
I26: =F26*A26*(1-H26) -> 0
I27: =F27*A27*(1-H27) -> 0
I28: =F28*A28*(1-H28) -> 0
I29: =F29*A29*(1-H29) -> 0
I30: =F30*A30*(1-H30) -> 0
I31: =F31*A31*(1-H31) -> 0
I32: =F32*A32*(1-H32) -> 0
... I49: =F49*A49*(1-H49) -> 0
G50: SOUS-TOTAL | I50: =SUM(I20:I49) -> #N/A
G51: T.V.A. 5,5%
G52: T.V.A. 19,6
G54: TOTAL | I54: =SUM(I50:I52) -> #N/A
A58: Adhérant au Centre de Gestion Agréé, accepte en règlement les paiements par chèques. Caen SIRET N° intracommunautaire Banque Populaire Caen

Sheet Facture
F1: FACTURE
A5: Nike Factory
A6: Londoner Boger 10
A7: 66482 Zweibrücken
A8: Tél : | F8: =Bon_de_Livraison!$F8 -> Lebron James
A9: Fax : | F9: =Bon_de_Livraison!$F9 -> 8 Champs Elysées
A10: Mail : contact@nike-factory.com | F10: =Bon_de_Livraison!$F10 -> 75000 - PARIS
A13: N° Facture | C13: =Bon_de_Livraison!$C$13 -> 100
A15: Date | C15: N° Client
A16: =TODAY() -> 40738 | C16: =Bon_de_Livraison!$C$16 -> 1
A19: Qté | B19: Référence | C19: Désignation | E19: Prix Catalogue | F19: Prix Unit. H.T. | G19: Code T.V.A | H19: Remise % | I19: Montant H.T.
G50: SOUS-TOTAL
G51: T.V.A. 5,5%
G52: T.V.A. 19,6
G54: TOTAL
A58: Adhérant au Centre de Gestion Agréé, accepte en règlement les paiements par chèques. Caen SIRET N° intracommunautaire Banque Populaire Caen

Sheet Liste_Clients
A1: Numéro Client | B1: Nom | C1: Adresse | D1: CP - Ville | E1: Téléphone | F1: Mail
A2: 1 | B2: Lebron James | C2: 8 Champs Elysées | D2: 75000 - PARIS
A3: 2 | B3: ZIDANE Zinédine | C3: 1, rue des fleurs | D3: 67000 - STRASBOURG
A4: 3 | B4: MATERAZZI Marco | C4: 3, rue de Rome | D4: I - 5500 ROMA

Sheet Liste_Produits
A1: Référence Fournisseur | B1: Référence Client | C1: Désignation | D1: Prix Catalogue | E1: Prix Unit. H.T.
B2: Nike_88 | C2: Nike Mercurial Vapor | D2: 120 | E2: 80
B3: Nike_89 | C3: Nike Mercurial Vapor II | D3: 130 | E3: 90

Sheet Bilan
A1: Numéro Facture | B1: Date | C1: Numéro Client | D1: Nom Client | E1: Total H.T. | F1: T.V.A. | G1: Total TTC | H1: Payé | I1: Restant

Sheet Bilan_Client

Sheet Données
